 Dungeon Crawl Stone Soup version 0.18-a0-1171-ga8e22e7 (webtiles) character file.

28 st0uf the Ruffian (level 2, -6/23 HPs)
             Began as a Draconian Transmuter on Jan 26, 2016.
             Mangled by Natasha (7 damage)
             ... on level 2 of the Dungeon.
             The game lasted 00:03:39 (1136 turns).

st0uf the Ruffian (Draconian Transmuter)            Turns: 1136, Time: 00:03:39

Health: -6/23      AC:  6    Str: 12    XL:     2   Next: 96%
Magic:  5/5        EV: 12    Int: 13    God:
Gold:   84         SH:  0    Dex: 11    Spells: 1 memorised, 4 levels left

rFire  . . .     SeeInvis .       - Unarmed
rCold  . . .     Gourm    .     (armour unavailable)
rNeg   . . .     Faith    .     (no shield)
rPois  .         Spirit   .     (helmet restricted)
rElec  .         Dismiss  .     (no cloak)
rCorr  .         Reflect  .     n - +0 pair of gloves
SustAt .         Harm     .     d - +0 pair of boots
MR     .....                    (no amulet)
Stlth  +.........               (no ring)
                                (no ring)

@: slowed, very slow, not resistant to hostile enchantments, very unstealthy
A: unfitting armour, cold-blooded, AC +4
a: no special abilities


You were on level 2 of the Dungeon.
You were not hungry.

You visited 1 branch of the dungeon, and saw 2 of its levels.

You collected 84 gold pieces.

Inventory:

Missiles
 a - 38 arrows
 e - 6 tomahawks (quivered)
Armour
 d - a +0 pair of boots (worn)
 n - a +0 pair of gloves (worn)
Scrolls
 f - a scroll of teleportation {unknown}
 h - 2 scrolls of identify {unknown}
 j - a scroll of magic mapping {unknown}
 l - a scroll of blinking {unknown}
 m - a scroll of amnesia {unknown}
Potions
 o - 2 potions of heal wounds {unknown}
Books
 b - a book of Changes

   Spells                             Type                      Level
   a - Beastly Appendage              Transmutation                1
   b - Sticks to Snakes               Transmutation                2
   c - Spider Form                    Transmutation/Poison         3
   d - Ice Form                       Ice/Transmutation            4
   e - Blade Hands                    Transmutation                5
Comestibles
 c - a bread ration
 g - 3 fruits
 i - a chunk of flesh
 k - a meat ration
 p - a slice of pizza


   Skills:
 + Level 1.1 Fighting
 + Level 2.2 Dodging
 + Level 3.4 Unarmed Combat
 + Level 2.1 Spellcasting
 * Level 2.4 Transmutations


You had 4 spell levels left.
You knew the following spells:

 Your Spells              Type           Power        Failure   Level  Hunger
a - Beastly Appendage     Trmt           #.....       12%         1    ##.....


Dungeon Overview and Level Annotations

Branches:
Dungeon (2/15)

Altars:

Annotations:
D:2 Natasha


Innate Abilities, Weirdness & Mutations

Your plain brown scales are hard (AC +4).
Your body does not fit into most forms of armour.
You are cold-blooded and may be slowed by cold attacks.


Message History

The hobgoblin completely misses you.
You barely miss Natasha. Your headbutt misses Natasha.
Natasha mumbles some strange words.
The hobgoblin hits you but does no damage.
Natasha mumbles some strange words.
You barely miss Natasha. Your headbutt misses Natasha.
The hobgoblin hits you with a club.
* * * LOW HITPOINT WARNING * * *
Natasha stares at you and mumbles some strange words.
You feel as though you will be slow longer.
You barely miss Natasha. The hobgoblin misses you. Natasha claws you.
* * * LOW HITPOINT WARNING * * *
The hobgoblin hits you but does no damage.
You barely miss Natasha. Natasha closely misses you. Natasha misses you.
The hobgoblin hits you with a club.
* * * LOW HITPOINT WARNING * * *
You closely miss Natasha. You headbutt Natasha, but do no damage.
Your horns disappear.
Natasha claws you!
You die...

...####.########
#..####........#
##...##.######.#
#..#.##.# #.#
...#.##.# #.#
........# #.#
...###### #.###
...# #.#.##
...#######
#..@h#
...#.....#
###g##
####.....# 55..
.# #.....##
.#.#.#
.###......#
#.#.#.#
..........# #
#.# #
.....#.##.# #.#
.......##.# #.#
.....####.###


You could see Natasha, 2 shadow imps and a hobgoblin.

Vanquished Creatures
  An ooze (D:1)
  3 giant geckos (D:1)
  A giant cockroach (D:1)
  2 goblins
  3 hobgoblins
  6 kobolds
  A giant newt (D:2)
  A rat (D:1)
18 creatures vanquished.

Notes
Turn   | Place    | Note
--------------------------------------------------------------
     0 | D:1      | st0uf the Draconian Transmuter began the quest for the Orb.
     0 | D:1      | Reached XP level 1. HP: 16/16 MP: 3/3
   349 | D:1      | Reached XP level 2. HP: 21/23 MP: 3/5
  1124 | D:2      | Noticed Natasha
  1135 | D:2      | HP: 1/23 [hobgoblin/club (1)]
  1136 | D:2      | Mangled by Natasha

Vault maps used:
D:1:      ncdulo_watergridlock, minivault_26, minmay_misc_feat_hallway,
          minmay_box_of_dots
D:2:      first_bread, hangedman_abyss_or_decor_stabs, cheibriados_altar_1,
          uniq_iyjb, uniq_natasha

Action                   || total
-------------------------++-------
Melee: Unarmed           ||    62
 Cast: Beastly Appendage ||    11
 Stab: Sleeping          ||     1
  Eat: Chunk             ||     1
